AoeStats
← TheQuietRiot

QS Arena

503495341Analyzed
1v1 RM · 1mo ago on Aug 31, 2026· 78m 26s· 2 players
Game mode
Random Map
Map size
Tiny (2 player)
Population
200
Speed
Normal
Resources
Standard
Victory
Conquest
Starting age
Dark Age
Ending age
Imperial Age
RankedLock teamsTeams togetherTeam positionsShared explorationLock speedFull tech treeHidden civsTurbo modeCheats
Victory
Defeat
🇬🇧 Britons · United Kingdom
914
+16
🇦🇷 Khmer · Argentina
916
-16
TheQuietRiot
7:45 Feudal Age
6:02 Loom
8:44 Double-Bit Axe
9:00 Stone Mining
10:47 Gold Mining
11:24 Horse Collar
18:03 Castle Age
16:27 Fletching
19:09 Wheelbarrow
18:50 Padded Archer Armor
21:24 Bodkin Arrow
21:56 Hand Cart
22:08 Bow Saw
22:51 Loom
23:49 Heavy Plow
25:08 Town Watch
27:31 Gold Shaft Mining
30:46 Imperial Age
29:17 Ballistics
33:43 Chemistry
32:48 Bracer
34:38 Yeomen
34:49 Conscription
36:50 Forging
36:40 Scale Mail Armor
36:57 Leather Archer Armor
36:29 Elite Longbowman
37:22 Gambesons
37:37 Squires
36:58 Man-at-Arms
38:07 Pikeman
39:38 Town Patrol
39:42 Murder Holes
39:56 Halberdier
43:32 Chain Mail Armor
43:53 Iron Casting
43:36 Chain Mail Armor
49:24 Warwolf
54:43 Elite Skirmisher
55:46 Arson
Galiker
8:35 Feudal Age
9:57 Horse Collar
10:05 Double-Bit Axe
10:47 Stone Mining
15:26 Castle Age
14:21 Gold Mining
14:50 Fletching
15:08 Loom
24:16 Wheelbarrow
25:54 Hand Cart
30:04 Imperial Age
27:45 Heavy Plow
28:49 Bow Saw
29:25 Gold Shaft Mining
29:26 Stone Shaft Mining
28:39 Town Watch
29:58 Scale Barding Armor
29:53 Scale Mail Armor
30:04 Forging
30:40 Masonry
30:44 Fortified Wall
31:21 Conscription
32:08 Chain Barding Armor
32:03 Chain Mail Armor
33:17 Chemistry
33:38 Iron Casting
34:25 Plate Barding Armor
33:58 Cavalier
34:38 Husbandry
35:00 Light Cavalry
35:51 Bloodlines
37:35 Architecture
38:35 Blast Furnace
37:59 Capped Ram
39:56 Siege Ram
43:26 Town Patrol
45:10 Hussar
47:45 Ballistics
47:22 Murder Holes
48:14 Padded Archer Armor
48:09 Bodkin Arrow
48:08 Elite Skirmisher
50:40 Bracer
50:56 Leather Archer Armor
72:38 Siege Engineers
72:27 Guard Tower
Connection lost

Rejoining the realm…

Still unreachable

The connection could not be restored.

Session expired

The server has moved on; the page needs a fresh start.